 Dungeon Crawl Stone Soup version 0.18.1-48-g4cf74bf (webtiles) character file.

6619 Gargoyl the Protected (level 10, -2/80 HPs)
             Began as a Demonspawn Abyssal Knight on Aug 16, 2016.
             Was a High Priest of Lugonu.
             Slain by a wyvern (9 damage)
             ... on level 10 of the Dungeon.
             The game lasted 00:25:55 (11913 turns).

Gargoyl the Protected (Demonspawn Abyssal Knight)  Turns: 11913, Time: 00:25:56

Health: -2/80      AC: 24    Str: 18    XL:     10   Next: 72%
Magic:  13/13      EV:  8    Int: 13    God:    Lugonu [*****.]
Gold:   450        SH:  0    Dex: 21    Spells: 0 memorised, 9 levels left

rFire  . . .     SeeInvis .     v - +4 hand axe
rCold  . . .     Gourm    .     d - +0 plate armour
rNeg   . . .     Faith    .     E - +0 large shield
rPois  .         Spirit   .     (no helmet)
rElec  .         Dismiss  .     m - +2 cloak
rCorr  .         Reflect  .     A - +1 pair of gloves
SustAt .         Harm     .     h - +1 pair of boots
MR     +....                    (no amulet)
Stlth  ..........               q - +2 ring of dexterity
                                k - ring of protection from magic

@: confused, mighty, agile, somewhat resistant to hostile enchantments,
extremely unstealthy
A: claws 1, molten scales 1, camouflage 1, powered by pain 3, weak 1
a: Depart the Abyss, Bend Space, Banish, Corrupt, Enter the Abyss, Renounce
Religion


You were on level 10 of the Dungeon.
You worshipped Lugonu.
Lugonu was extremely pleased with you.
You were not hungry.

You visited 1 branch of the dungeon, and saw 10 of its levels.
You visited the Abyss 1 time.
You also visited: Ossuary.

You collected 495 gold pieces.
You spent 45 gold pieces at shops.

Inventory:

Hand Weapons
 r - a +0 war axe
 v - a +4 hand axe (weapon)
Missiles
 B - 9 tomahawks
 D - 3 tomahawks of returning
 I - 8 javelins (quivered)
Armour
 d - a +0 plate armour (worn)
 h - a +1 pair of boots (worn)
 m - a +2 cloak (worn)
 A - a +1 pair of gloves (worn)
 E - a +0 large shield (worn)
Jewellery
 k - a ring of protection from magic (left hand)
 q - a +2 ring of dexterity (right hand)
 G - an uncursed ring of flight {unknown}
Wands
 b - a wand of flame (30/48)
 t - a wand of digging (11/24)
Scrolls
 a - 2 scrolls of magic mapping
 e - 10 scrolls of remove curse
 j - 3 scrolls of amnesia
 n - a scroll of teleportation
 H - a scroll of recharging
Potions
 g - a potion of agility {unknown}
 o - 2 potions of curing
 s - 2 potions of lignification
 u - 2 potions of invisibility {unknown}
 w - 2 potions of might
Books
 f - a book of Misfortune

   Spells                             Type                      Level
   a - Confusing Touch                Hexes                        2
   b - Confuse                        Hexes                        3
   c - Gell's Gravitas                Hexes/Translocation          3
   d - Petrify                        Transmutation/Earth          4
   e - Metabolic Englaciation         Hexes/Ice                    5
   f - Yara's Violent Unravelling     Hexes/Transmutation          5
 y - a book of the Dragon

   Spells                             Type                      Level
   a - Flame Tongue                   Conjuration/Fire             1
   b - Cause Fear                     Hexes                        4
   c - Bolt of Fire                   Conjuration/Fire             6
   d - Dragon Form                    Transmutation                7
   e - Dragon's Call                  Summoning                    9
 z - a book of Annihilations

   Spells                             Type                      Level
   a - Poison Arrow                   Conjuration/Poison           6
   b - Chain Lightning                Conjuration/Air              8
   c - Lehudib's Crystal Spear        Conjuration/Earth            8
   d - Glaciate                       Conjuration/Ice              9
   e - Fire Storm                     Conjuration/Fire             9
Comestibles
 c - 8 bread rations
 i - a beef jerky
 l - 4 meat rations
 x - 4 chunks of flesh
 C - 8 slices of pizza


   Skills:
 + Level 8.2 Fighting
 + Level 7.4 Axes
 + Level 0.6 Throwing
 * Level 10.3 Armour
 + Level 2.7 Dodging
 + Level 0.2 Stealth
 + Level 2.6 Shields
 + Level 4.0 Invocations


You had 9 spell levels left.
You didn't know any spells.

Dungeon Overview and Level Annotations

Branches:
Dungeon (10/15)            Temple (0/1) D:6            Lair (0/8) D:8
    Orc (0/2) D:9

Altars:
Ashenzari
Elyvilon
Kikubaaqudgha
Makhleb
Nemelex Xobeh
Pakellas
Sif Muna
Trog
Yredelemnul
The Shining One

Shops:
D:8 ?%

Annotations:
D:4 1 runed door


Innate Abilities, Weirdness & Mutations

You have sharp fingernails.
You are partially covered in molten scales (AC +1).
You are powered by pain.
Your skin changes colour to match your surroundings (Stealth).
You are weak. (Str -2)


Message History

You hit the wyvern.
The wyvern is moderately wounded.
The wyvern bites you but does no damage.
You slash the wyvern!
The wyvern is severely wounded.
The wyvern hisses menacingly.
The wyvern barely misses you. The wyvern closely misses you.
You hit the wyvern.
The wyvern is almost dead.
The wyvern bites you!
* * * LOW HITPOINT WARNING * * *
You focus on the pain.
You feel very mighty all of a sudden.
Drink which item? (? for menu, Esc to quit)
It was a potion of ambrosia.
You are confused.
You feel invigorated.
The wyvern bites you but does no damage.
The wyvern bites you!
You die...

######+# #>.......#
.... .#########.# ....
#.# #####.# ..... #.#
#.....# ..... #.#
#.##### ...... #.# #.#
......### #.#####.####
......'.####.##.......#
(.....#Zl@...##.......#
..y..
######.##.......####
.... #..............
l.. ####........... ..
########........... .
.................(.
###############....
####


You could see a wyvern and a centaur skeleton.

Vanquished Creatures
  The ghost of Dickchan the Grappler, a novice DrMo (D:7)
  Psyche (D:9)
  A hippogriff (D:10)
  3 wargs
  A steam dragon (D:9)
  3 orc warriors
  A sky beast (D:7)
  3 phantoms
  5 ogres
  8 centaurs
  An elf zombie (D:6)
  A big kobold (D:8)
  A gnoll sergeant (D:10)
  6 giant frogs
  A wyvern skeleton (D:10)
  3 scorpions
  4 wights (D:9)
  13 killer bees
  A crimson imp (D:5)
  4 centaur zombies
  A howler monkey (D:4)
  3 human zombies
  7 orc priests
  2 hounds
  A human skeleton (D:6)
  2 giant frog skeletons
  3 iguanas
  7 orc wizards
  7 worker ants
  3 mummies (Ossuary)
  A hound zombie (D:7)
  2 hound skeletons
  4 gnolls
  13 adders
  2 shadow imps
  2 adder zombies
  An adder skeleton (D:4)
  5 worms
  3 dart slugs
  6 giant geckos
  39 orcs
  2 ball pythons
  8 bats
  5 giant cockroaches
  5 goblins
  6 hobgoblins
  11 jackals
  4 quokkas
  10 giant newts
  3 gnoll zombies (Ossuary)
  A goblin zombie (Ossuary)
  A hobgoblin zombie (Ossuary)
  9 kobolds
  2 orc skeletons (D:6)
  An orc zombie (D:6)
  5 rats
  2 rat zombies (D:8)
251 creatures vanquished.

Vanquished Creatures (others)
  An ogre (D:4)
  4 crimson imps
  A quokka (D:4)
6 creatures vanquished.

Grand Total: 257 creatures vanquished

Notes
Turn   | Place    | Note
--------------------------------------------------------------
     0 | Abyss:1  | Gargoyl the Demonspawn Abyssal Knight began the quest for the Orb.
     0 | Abyss:1  | Reached XP level 1. HP: 18/18 MP: 2/2
    18 | Abyss:2  | Noticed a chaos spawn
    25 | Abyss:2  | Noticed a thrashing horror
    28 | D:1      | Escaped the Abyss
    91 | D:1      | Reached * piety under Lugonu
    97 | D:1      | Reached skill level 2 in Armour
    97 | D:1      | Gained mutation: You sometimes gain a little power by taking damage. [demonic ancestry]
    97 | D:1      | Reached XP level 2. HP: 12/24 MP: 3/3
   540 | D:1      | Gained mutation: You have sharp fingernails. [demonic ancestry]
   540 | D:1      | Reached XP level 3. HP: 29/29 MP: 4/4
  1338 | D:2      | Reached ** piety under Lugonu
  1338 | D:2      | Reached XP level 4. HP: 22/37 MP: 5/5
  1829 | D:2      | Reached skill level 3 in Armour
  2050 | D:2      | Reached skill level 1 in Dodging
  2472 | D:3      | Reached XP level 5. HP: 28/42 MP: 6/6
  2794 | D:3      | Found an oddly glowing altar of Pakellas.
  3364 | D:4      | Reached *** piety under Lugonu
  3372 | D:4      | Reached skill level 4 in Armour
  3634 | D:4      | Noticed an ogre
  3652 | D:4      | Banished an ogre
  3940 | D:4      | Noticed an ogre
  3946 | D:4      | Killed an ogre
  3946 | D:4      | Gained mutation: You sometimes gain power by taking damage. [demonic ancestry]
  3946 | D:4      | Reached XP level 6. HP: 9/48 MP: 6/8
  4288 | D:4      | Reached skill level 5 in Armour
  4330 | D:4      | Found a white marble altar of Elyvilon.
  4501 | D:4      | Found a glowing golden altar of the Shining One.
  4501 | D:4      | Noticed an angel
  4504 | D:4      | Found a runed door.
  4579 | D:5      | Entered Level 5 of the Dungeon
  4649 | D:5      | Reached XP level 7. HP: 33/55 MP: 9/9
  5046 | D:5      | Gained mutation: You have supernaturally acute eyesight. [potion of mutation]
  5046 | D:5      | Gained mutation: You are weak. (Str -2) [potion of mutation]
  5046 | D:5      | Gained mutation: You have a pair of small horns on your head. [potion of mutation]
  5047 | D:5      | Gained mutation: Your natural rate of healing is unusually fast. [potion of mutation]
  5047 | D:5      | Gained mutation: You are agile. (Dex +2) [potion of mutation]
  5047 | D:5      | Gained mutation: You are very weak. (Str -4) [potion of mutation]
  5321 | D:5      | Gained mutation: You are resistant to electric shocks. [potion of mutation]
  5321 | D:5      | Lost mutation: You are agile. (Dex +2) [potion of mutation]
  5321 | D:5      | Gained mutation: Your skin changes colour to match your surroundings (Stealth). [potion of mutation]
  5779 | D:6      | Reached skill level 5 in Fighting
  5779 | D:6      | Reached skill level 6 in Armour
  5792 | D:6      | Gained mutation: You are partially covered in molten scales (AC +1). [demonic ancestry]
  5792 | D:6      | Reached XP level 8. HP: 41/62 MP: 11/11
  5865 | D:6      | Found a sand-covered staircase.
  5888 | Ossuary  | Entered an ossuary
  6385 | D:6      | Found a staircase to the Ecumenical Temple.
  6807 | D:6      | Reached skill level 7 in Armour
  7035 | D:6      | Reached **** piety under Lugonu
  7035 | D:6      | Reached skill level 5 in Axes
  7130 | D:6      | Found a deep blue altar of Sif Muna.
  7331 | D:7      | Noticed Dickchan's ghost (novice DrMo)
  7351 | D:7      | Killed Dickchan's ghost
  7351 | D:7      | Reached XP level 9. HP: 38/71 MP: 12/12
  7547 | D:7      | Reached skill level 8 in Armour
  7863 | D:7      | Found a burning altar of Makhleb.
  7999 | D:7      | Found a bloodstained altar of Trog.
  8479 | D:7      | HP: 1/72 [warg (11)]
  8722 | D:7      | Reached skill level 9 in Armour
  8901 | D:8      | Found a staircase to the Lair.
  8992 | D:8      | Gained mutation: You are powered by pain. [demonic ancestry]
  8992 | D:8      | Reached XP level 10. HP: 31/79 MP: 13/13
  9123 | D:8      | Found an ancient bone altar of Kikubaaqudgha.
  9339 | D:8      | Found a deep blue altar of Sif Muna.
  9450 | D:8      | Found Qebbonor's Magic Scroll Boutique.
  9450 | D:8      | Found a shattered altar of Ashenzari.
  9451 | D:8      | Found a sparkling altar of Nemelex Xobeh.
  9457 | D:8      | Bought a scroll of teleportation for 45 gold pieces
  9684 | D:8      | Found Atreas Fesaa's Food Boutique.
  9976 | D:8      | Found a basalt altar of Yredelemnul.
 10114 | D:9      | Noticed Psyche
 10130 | D:9      | Killed Psyche
 10441 | D:9      | Found a staircase to the Orcish Mines.
 10786 | D:9      | Reached skill level 1 in Shields
 10802 | D:9      | Reached skill level 10 in Armour
 11231 | D:10     | Entered Level 10 of the Dungeon
 11323 | D:10     | Lost mutation: You are resistant to electric shocks. [potion of cure mutation]
 11323 | D:10     | Lost mutation: You have a pair of small horns on your head. [potion of cure mutation]
 11323 | D:10     | Lost mutation: Your natural rate of healing is unusually fast. [potion of cure mutation]
 11323 | D:10     | Lost mutation: You have supernaturally acute eyesight. [potion of cure mutation]
 11323 | D:10     | Lost mutation: You are very weak. (Str -4) [potion of cure mutation]
 11326 | D:10     | Reached ***** piety under Lugonu
 11912 | D:10     | HP: 3/80 [wyvern (11)]
 11913 | D:10     | Slain by a wyvern

Skill      XL: |  1  2  3  4  5  6  7  8  9 10 |
---------------+-------------------------------+-----
Armour         | 2 3 4 5 6 7 9 10 | 10.3
Axes           | 2 3 5 6 7 |  7.4
Dodging        | 1 2 |  2.7
Fighting       | 4 5 6 7 8 |  8.2
Invocations    | 3 4 |  4.0
Shields        | 2 |  2.6
Throwing       | |  0.6
Stealth        | |  0.2

Action                   |  1- 3 |  4- 6 |  7- 9 | 10-12 || total
-------------------------+-------+-------+-------+-------++-------
Melee: Hand axe          |   126 |   177 |       |   329 ||   632
       War axe           |       |   111 |   643 |    63 ||   817
       Headbutt          |       |       |   106 |    51 ||   157
Throw: Tomahawk          |       |       |       |     5 ||     5
Invok: Depart the Abyss  |     1 |       |       |       ||     1
       Banish            |       |     1 |     5 |       ||     6
Evoke: Wand              |       |       |       |     1 ||     1
  Use: Scroll            |       |     5 |     9 |     5 ||    19
       Potion            |       |     8 |    10 |     9 ||    27
  Eat: Chunk             |     2 |     6 |    17 |    11 ||    36
       Bread ration      |       |     1 |       |       ||     1
Armor: Plate armour      |   162 |   346 |   649 |   325 ||  1482
       Skin              |       |     5 |     3 |     7 ||    15
Dodge: Dodged            |    39 |    94 |   130 |    36 ||   299
Block: Large shield      |       |       |       |   215 ||   215
